 Dungeon Crawl Stone Soup version 0.24-a0-451-g263dff2034 (webtiles) character file.

Game seed: 13936903222372248141

4992 Gynju the Basher (level 10, -25/79 HPs)
             Began as a Demonspawn Fighter on June 25, 2019.
             Was a Priest of Okawaru.
             Killed from afar by a fire dragon (40 damage)
             ... with a blast of flame
             ... on level 8 of the Dungeon on June 26, 2019.
             The game lasted 00:25:48 (9163 turns).

Gynju the Basher (Demonspawn Fighter)               Turns: 9163, Time: 00:25:48

Health: -25/79     AC: 15    Str: 25    XL:     10   Next: 29%
Magic:  9/10       EV: 12    Int: 10    God:    Okawaru [***...]
Gold:   463        SH: 11    Dex: 15    Spells: 9/9 levels left

rFire    . . .     SeeInvis .   a - +0 flail
rCold    . . .     Gourm    .   c - +0 shield
rNeg     . . .     Faith    .   q - +4 scale mail "Urao" {Str+3}
rPois    .         Spirit   .   (helmet unavailable)
rElec    .         Reflect  .   g - +1 cloak
rCorr    .         Harm     .   (no gloves)
MR       .....                  (no boots)
Stlth    ..........             (no amulet)
HPRegen  0.23/turn              (no ring)
MPRegen  0.12/turn              (no ring)

@: mighty
A: horns 3, icy blue scales 1, powered by death 2, rot immunity
a: Heroism, Renounce Religion


You were on level 8 of the Dungeon.
You worshipped Okawaru.
Okawaru was most pleased with you.
You were not hungry.

You visited 2 branches of the dungeon, and saw 9 of its levels.

You collected 463 gold pieces.

Inventory:

Hand Weapons
 a - a +0 flail (weapon)
Armour
 c - a +0 shield (worn)
 g - a +1 cloak (worn)
 l - a scarf of cloud immunity
 q - the +4 scale mail "Urao" (worn) {Str+3}
   (You found it on level 4 of the Dungeon)

   It affects your strength (+3).
Jewellery
 x - a +6 ring of strength {unknown}
Wands
 j - a wand of random effects (13)
 v - a wand of paralysis (6)
Scrolls
 h - 5 scrolls of remove curse
 i - 4 scrolls of teleportation
 n - a scroll of enchant armour {unknown}
 r - 2 scrolls of magic mapping
 w - a scroll of blinking
 y - 2 scrolls of immolation {unknown}
 z - a scroll of enchant weapon {unknown}
 A - a scroll of identify
Potions
 d - 2 potions of might
 e - 2 potions of curing
 k - 2 potions of flight {unknown}
 m - 3 potions of mutation
 o - a potion of heal wounds {unknown}
 p - a potion of cancellation {unknown}
 s - a potion of brilliance {unknown}
 t - a potion of agility {unknown}
 u - a potion of lignification {unknown}
Comestibles
 f - 24 rations


   Skills:
 - Level 7.0 Fighting
 + Level 8.2 Maces & Flails
 - Level 6.3 Armour
 - Level 5.5 Dodging
 - Level 6.3 Shields


You had 9 spell levels left.
You didn't know any spells.
Your spell library contained the following spells:

 Spells                   Type           Power        Failure   Level  Hunger
 Magic Dart               Conj           #...         95%         1    ##.....
 Searing Ray              Conj           #.....       98%         2    ###....
 Dazzling Spray           Conj/Hex       #.....       100%        3    ####...
 Force Lance              Conj/Tloc      #.......     100%        4    #####..
 Fulminant Prism          Conj/Hex       #.........   100%        4    #####..
 Iskenderun's Mystic Bla  Conj           #.......     100%        4    #####..


Dungeon Overview and Level Annotations

Branches:
Dungeon (8/15)             Temple (1/1) D:6            Lair (0/6) D:8

Altars:
Ashenzari
Cheibriados
Dithmenos
Elyvilon
Fedhas
Gozag
Hepliaklqana
Kikubaaqudgha
Makhleb
Nemelex Xobeh
Okawaru
Qazlal
Ru
Sif Muna
Trog
Uskayaw
Vehumet
Wu Jian
Xom
Yredelemnul
Zin
The Shining One

Shops:
D:7 ?

Annotations:
D:8 2 transporters, Iscandelvey's ghost, novice DsAM


Innate Abilities, Weirdness & Mutations

You have a pair of large horns on your head.
You are partially covered in icy blue scales. (AC +2)
You regenerate health from kills.
You are immune to rotting.


Message History

The fire dragon misses you.
The fire dragon tramples you but does no damage.
You sock the fire dragon! You headbutt the fire dragon!
The fire dragon is heavily wounded.
The fire dragon bites you!
* * * LOW HITPOINT WARNING * * *
The fire dragon misses you. You block the fire dragon's attack.
You bludgeon the fire dragon!!
The fire dragon is severely wounded.
You sock the fire dragon!
The fire dragon is almost dead.
You block the fire dragon's attack. x2
The fire dragon tramples you but does no damage.
Your shield and scale mail "Urao" prevent you from hitting the fire dragon.
The fire dragon is almost dead.
You feel like a meek peon again. The fire dragon breathes flames at you.
The blast of flame hits you!!!
Ouch! That really hurt!
You die...

........'........................
...#.####.....########..###.....#
.....# ####### #....+......
##.#.# ....... #.#.##......
##.#.. ....... #.#..#####..
...#.. .≈≈≈... #.#..## #.. ..##
§≈≈.§..### ###.#...# #.. #.#
.≈≈§..≈≈..D.###...#.#.####..
#'##...≈§§.D≈..#@#.......#..#....
......≈§≈≈≈≈...#.#.#.............
......≈≈≈≈≈≈..##.#.###..........)
.......≈.§≈:.? #.#..............#
.............. #.#####...÷...##.#
####....##### #.# #.......##.#
>#### #####.# #.......##.# .#
###...#.# #.......##..
#.....''#####........#.#


You could see a fire dragon.

Vanquished Creatures
  2 two-headed ogres (D:8)
  A human (D:7)
  A hungry ghost (D:8)
  4 hogs
  4 ice beasts
  2 orc warriors
  2 phantoms
  A black bear (D:7)
  2 ogres
  2 centaurs
  3 bullfrogs
  A gnoll sergeant (D:7)
  A scorpion (D:5)
  5 howler monkeys
  A crimson imp (D:7)
  2 centaur zombies
  4 hounds
  5 orc priests
  12 orc wizards
  2 bullfrog skeletons
  A centaur skeleton (D:5)
  An iguana (D:4)
  4 worker ants
  A hound zombie (D:5)
  8 adders
  15 gnolls
  A howler monkey skeleton (D:4)
  2 shadow imps
  2 oozes
  An adder skeleton (D:4)
  An adder zombie (D:8)
  4 worms
  2 dart slugs
  6 leopard geckos
  26 orcs
  A ball python (D:1)
  6 giant cockroaches
  5 hobgoblins
  14 jackals
  9 kobolds
  5 quokkas
  6 bats
  3 frilled lizards
  7 goblins
  A quokka zombie (D:8)
  7 rats
196 creatures vanquished.

Vanquished Creatures (others)
  An orc wizard (D:6)
1 creature vanquished.

Grand Total: 197 creatures vanquished

Notes
Turn   | Place    | Note
-------+----------+-------------------------------------------
     0 | D:1      | Gynju the Demonspawn Fighter began the quest for the Orb.
     0 | D:1      | Reached XP level 1. HP: 18/18 MP: 1/1
   344 | D:1      | Gained mutation: You have a pair of small horns on your
                  | head. [demonic ancestry]
   344 | D:1      | Reached XP level 2. HP: 24/24 MP: 2/2
   791 | D:2      | Reached skill level 1 in Dodging
  1065 | D:2      | Reached XP level 3. HP: 18/29 MP: 3/3
  1372 | D:2      | Upgraded the game from 0.24-a0-447-ge8da9206dc to
                  | 0.24-a0-451-g263dff2034
  1501 | D:2      | Gained mutation: You have a pair of horns on your head.
                  | [demonic ancestry]
  1501 | D:2      | Reached XP level 4. HP: 25/36 MP: 4/4
  1592 | D:2      | Found a burning altar of Makhleb.
  2156 | D:3      | Gained mutation: You regenerate a little health from kills.
                  | [demonic ancestry]
  2156 | D:3      | Reached XP level 5. HP: 32/42 MP: 5/5
  3698 | D:4      | Gained mutation: You have a pair of large horns on your
                  | head. [demonic ancestry]
  3698 | D:4      | Reached XP level 6. HP: 34/48 MP: 6/6
  4200 | D:4      | Got a bronze scale mail
  4211 | D:4      | Identified the +4 scale mail "Urao" {Str+3} (You found it
                  | on level 4 of the Dungeon)
  4335 | D:4      | Gained mutation: You regenerate health from kills. [demonic
                  | ancestry]
  4335 | D:4      | Reached XP level 7. HP: 50/55 MP: 7/7
  4964 | D:5      | Entered Level 5 of the Dungeon
  5023 | D:4      | Reached skill level 5 in Fighting
  5718 | D:5      | Reached skill level 5 in Shields
  5778 | D:4      | Reached skill level 5 in Armour
  5790 | D:5      | Found a blossoming altar of Fedhas.
  5846 | D:5      | Gained mutation: You are partially covered in icy blue
                  | scales. (AC +2) [demonic ancestry]
  5846 | D:5      | Reached XP level 8. HP: 63/63 MP: 8/8
  5903 | D:5      | Got a spiked leather armour
  6498 | D:6      | Identified the cursed +0 leather armour of Dutiticw {rN+
                  | Str+2} (You found it on level 5 of the Dungeon)
  6579 | D:6      | Found a staircase to the Ecumenical Temple.
  6598 | Temple   | Entered the Ecumenical Temple
  6605 | Temple   | Became a worshipper of Warmaster Okawaru
  6911 | D:6      | Found a sparkling altar of Nemelex Xobeh.
  6911 | D:6      | Found a shattered altar of Ashenzari.
  7164 | D:6      | Found a deep blue altar of Sif Muna.
  7515 | D:7      | Found a hazy altar of Hepliaklqana.
  7517 | D:7      | Found a sacrificial altar of Ru.
  7534 | D:7      | Reached skill level 5 in Dodging
  7537 | D:7      | Reached * piety under Okawaru
  7554 | D:7      | Gained mutation: You are immune to rotting. [demonic
                  | ancestry]
  7554 | D:7      | Reached XP level 9. HP: 60/71 MP: 9/9
  7748 | D:7      | Found Avugoiq's Magic Scroll Boutique.
  8106 | D:7      | Reached ** piety under Okawaru
  8106 | D:7      | Reached skill level 2 in Maces & Flails
  8165 | D:7      | Reached skill level 3 in Maces & Flails
  8366 | D:6      | Found a white marble altar of Elyvilon.
  8369 | D:6      | Reached skill level 4 in Maces & Flails
  8529 | D:7      | Reached skill level 5 in Maces & Flails
  8720 | D:8      | Noticed a two-headed ogre
  8739 | D:8      | Killed a two-headed ogre
  8739 | D:8      | Reached *** piety under Okawaru
  8739 | D:8      | Reached skill level 6 in Maces & Flails
  8739 | D:8      | Reached XP level 10. HP: 79/79 MP: 7/10
  8829 | D:8      | Reached skill level 7 in Maces & Flails
  8867 | D:8      | Noticed a two-headed ogre
  8878 | D:8      | Killed a two-headed ogre
  8878 | D:8      | Reached skill level 8 in Maces & Flails
  8907 | D:8      | Found a transporter.
  8907 | D:8      | Noticed a two-headed ogre
  8907 | D:8      | Noticed Iscandelvey's ghost (novice DsAM)
  8909 | D:8      | Found a transporter.
  9087 | D:8      | Found an ancient bone altar of Kikubaaqudgha.
  9148 | D:8      | Found a staircase to the Lair.
  9148 | D:8      | Noticed a fire dragon
  9163 | D:8      | Killed from afar by a fire dragon

Levels and vault maps discovered:
D:1:      dpeg_arrival_central, layout_basic
D:2:      layout_basic, makhleb_heckhound_becter
D:3:      layout_loops_corners, chequers_serial_rivers_large_a
D:4:      minmay_chambers_of_threes, layout_loops_ring, first_ration
D:5:      layout_layer_cave, kennysheep_mini
D:6:      kennysheep_orc_sif_temple, layout_loops_ring,
          nicolae_overflow_hidden_temple, minmay_temple_entry_large_hall
D:7:      layout_loops_ring, grunt_temple_overflow_open, serial_shops,
          nicolae_shop_window_shopping, grunt_livestock, grunt_ministairs_15
D:8:      layout_basic, kiku_gazebo_pond_becter, minmay_lair_entry_lava,
          gammafunk_ghost_smash
Temple:   nicolae_temple_no_exploring_needed

Skill      XL: |  1  2  3  4  5  6  7  8  9 10 |
---------------+-------------------------------+-----
Shields        | 3 4 5 6 |  6.3
Armour         | 3 4 5 6 |  6.3
Dodging        | 1 2 3 5 |  5.5
Fighting       | 4 5 6 7 |  7.0
Maces & Flails | 6 8 |  8.2

Action                   |  1- 3 |  4- 6 |  7- 9 | 10-12 || total
-------------------------+-------+-------+-------+-------++-------
Melee: Flail             |   110 |   275 |   395 |    57 ||   837
       Headbutt          |    16 |    39 |    95 |    15 ||   165
Invok: Heroism           |       |       |     2 |     1 ||     3
Evoke: Wand              |       |       |       |     2 ||     2
  Use: Scroll            |       |       |    10 |       ||    10
       Potion            |       |       |     2 |     1 ||     3
 Stab: Paralysed         |       |       |       |     5 ||     5
  Eat: Chunk             |     2 |    10 |    15 |     3 ||    30
Armor: Scale mail        |    42 |   118 |   213 |    17 ||   390
Dodge: Dodged            |    25 |    93 |   173 |    24 ||   315
Block: Shield            |    68 |   111 |   245 |    27 ||   451

Table legend:
 A = Non-vault XP
 B = Vault XP
 C = Vault XP percentage of total XP
 D = Non-vault monster count
 E = Vault monster count
 F = Vault count percentage of total count
                 A         B        C        D         E       F
            +---------+---------+-------+---------+---------+-------
      Total |    5434 |    1698 |  23.8 |     173 |      24 |  12.2
            +---------+---------+-------+---------+---------+-------
        D:1 |      30 |       0 |   0.0 |      17 |       0 |   0.0
        D:2 |      98 |      45 |  31.5 |      24 |       1 |   4.0
        D:3 |     191 |       0 |   0.0 |      33 |       0 |   0.0
        D:4 |     545 |     123 |  18.4 |      33 |       6 |  15.4
        D:5 |     583 |       0 |   0.0 |      23 |       0 |   0.0
        D:6 |     410 |     692 |  62.8 |       8 |       9 |  52.9
        D:7 |    1276 |     838 |  39.6 |      24 |       8 |  25.0
        D:8 |    2301 |       0 |   0.0 |      11 |       0 |   0.0
            +---------+---------+-------+---------+---------+-------
